 Dungeon Crawl Stone Soup version 0.19.1 (webtiles) character file.

6796 equalderp2856 the Gouger (level 10, -6/43 HPs)
             Began as a Felid Fighter on Nov 24, 2016.
             Killed from afar by a rime drake (31 damage)
             ... with a flash freeze
             ... on level 1 of the Lair of Beasts.
             The game lasted 01:25:08 (25184 turns).

equalderp2856 the Gouger (Felid Fighter)           Turns: 25184, Time: 01:25:09

Health: -6/43      AC:  2    Str: 13    XL:     10   Next: 76%
Magic:  17/17      EV: 26    Int: 11    God:
Gold:   580        SH:  3    Dex: 17    Spells: 4 memorised, 10 levels left
                                        Lives:  0   Deaths: 2

rFire  . . .     SeeInvis +       - Unarmed
rCold  . . .     Gourm    .     (armour unavailable)
rNeg   . . .     Faith    .     (shield unavailable)
rPois  +         Spirit   .     (helmet unavailable)
rElec  .         Reflect  +     (cloak unavailable)
rCorr  .         Harm     .     (gloves unavailable)
MR     +....                    (boots unavailable)
Stlth  +++++.....               u - +3 amulet of reflection
                                l - ring of poison resistance
                                (no ring)

@: quick
A: no armour, no weapons or thrown items, stealth, claws 1, fangs 3, see
invisible, carnivore 3, speed 1, shaggy fur 2, slow metabolism 1, sharp paws
a: no special abilities


You were on level 1 of the Lair of Beasts.
You were not hungry.

You visited 3 branches of the dungeon, and saw 13 of its levels.
You also visited: Ossuary.

You collected 580 gold pieces.

Inventory:

Hand Weapons
 E - a +0 blowgun
 G - a +3 shortbow
Missiles
 t - 145 arrows
 v - 7 javelins
 w - 82 bolts
 B - 58 poisoned needles
Jewellery
 e - an uncursed ring of flight
 j - an uncursed amulet of the gourmand
 l - a ring of poison resistance (right paw)
 r - an uncursed ring of protection from magic {unknown}
 u - a +3 amulet of reflection (around neck)
 x - a -3 ring of dexterity
 O - an uncursed amulet of the gourmand
Wands
 q - a wand of confusion (37/48)
 A - a wand of random effects (25/48)
 R - a wand of lightning (8/15)
Scrolls
 g - 7 scrolls of recharging
 o - 2 scrolls of teleportation
 y - 2 scrolls of noise
 D - 5 scrolls of identify
 H - a scroll of enchant armour
 K - 3 scrolls of remove curse
 M - a scroll of magic mapping {unknown}
 N - 2 scrolls of amnesia
Potions
 a - 3 potions of might
 c - a potion of brilliance {unknown}
 d - 3 potions of curing
 f - 8 potions of flight {unknown}
 m - a potion of cancellation {unknown}
 n - 3 potions of magic {unknown}
 p - a potion of experience {unknown}
 s - a potion of heal wounds
 z - 2 potions of agility {unknown}
 C - 3 potions of degeneration {unknown}
 F - 2 potions of lignification {unknown}
 L - a potion of cure mutation {unknown}
 P - a potion of beneficial mutation {unknown}
 Q - a potion of haste {unknown}
Books
 I - a book of Debilitation

   Spells                             Type                      Level
   a - Corona                         Hexes                        1
   b - Slow                           Hexes                        2
   c - Gell's Gravitas                Hexes/Translocation          3
   d - Inner Flame                    Hexes/Fire                   3
   e - Cause Fear                     Hexes                        4
   f - Leda's Liquefaction            Hexes/Earth                  4
 S - a book of Maledictions

   Spells                             Type                      Level
   a - Corona                         Hexes                        1
   b - Ensorcelled Hibernation        Hexes/Ice                    2
   c - Confuse                        Hexes                        3
   d - Tukima's Dance                 Hexes                        3
   e - Dazzling Spray                 Conjuration/Hexes            3
Comestibles
 b - 6 meat rations
 h - 8 fruits
 i - 2 slices of pizza
 k - 2 royal jellies
 J - 6 bread rations


   Skills:
 + Level 4.6 Fighting
 + Level 10.3 Dodging
 + Level 11.2 Stealth
 + Level 14.4 Unarmed Combat
 + Level 4.5 Spellcasting
 + Level 6.5 Hexes
 + Level 2.6 Ice Magic
 + Level 2.0 Evocations


You had 10 spell levels left.
You knew the following spells:

 Your Spells              Type           Power        Failure   Level  Hunger
a - Corona                Hex            ###....      1%          1    #......
b - Slow                  Hex            ###.....     2%          2    ##.....
c - Ensorcelled Hibernat  Hex/Ice        ##....       6%          2    ##.....
d - Confuse               Hex            ###.....     6%          3    ###....


Dungeon Overview and Level Annotations

Branches:
Dungeon (11/15)            Temple (1/1) D:7            Lair (1/6) D:10
    Orc (0/2) D:11

Altars:
Ashenzari
Cheibriados
Dithmenos
Elyvilon
Fedhas
Gozag
Hepliaklqana
Kikubaaqudgha
Makhleb
Nemelex Xobeh
Okawaru
Qazlal
Ru
Sif Muna
Trog
Uskayaw
Vehumet
Xom
Yredelemnul
Zin
The Shining One

Annotations:
D:8 Maurice
D:9 Erolcha
D:11 Urug


Innate Abilities, Weirdness & Mutations

You cannot wear armour.
You are incapable of wielding weapons or throwing items.
Your paws allow you to move quietly. (Stealth)
You have sharp claws.
You have razor-sharp teeth.
You have supernaturally acute eyesight. (SInv)
You are carnivorous and can eat meat at any time.
You cover ground quickly.
You are covered in thick fur. (AC +2)
You have a slow metabolism.
Your sharp claws are effective at attacking unaware monsters.


Message History

The rime drake is moderately wounded.
The rime drake barely misses you.
You closely miss the rime drake.
The rime drake is moderately wounded.
The ice encasing you melts away. The rime drake completely misses you.
You completely miss the rime drake.
The rime drake is moderately wounded.
You scratch the rime drake.
The rime drake is heavily wounded.
The rime drake completely misses you.
You barely miss the rime drake.
The rime drake is moderately wounded.
The rime drake bites you.
You claw the rime drake!
The rime drake is almost dead.
The rime drake breathes ice at you. The flash freeze hits you!
Ouch! That really hurt!
You die...

.##...........########.....#.###
.##....##.....'....# #k....###P##
.#......#......##..###.....##....
.##....#......##...##P.....#.....
.########..(..###..###.....##....
.########.....# ######F.....##..#
..............# ####......#.#'##
..............####.##............
................@k...............
######.#.##.#.#########.###.###.#
# ########## ### ### ###


You could see a rime drake.

Vanquished Creatures
  2 hydras
  A centaur warrior (D:10)
  An unseen horror (D:10)
  2 hill giants (D:10)
  Pikel (D:9)
  An ugly thing (D:10)
  A centaur zombie (D:11)
  Joseph (D:8)
  A spiny frog (Lair:1)
  A komodo dragon (Lair:1)
  4 trolls
  A two-headed ogre (D:10)
  2 hippogriffs (D:8)
  A spriggan (D:10)
  A wraith (D:11)
  A basilisk (Lair:1)
  19 yaks
  3 hungry ghosts
  A steam dragon (D:10)
  Menkaure (D:5)
  A porcupine (Lair:1)
  2 black bears (D:10)
  2 ice beasts
  3 orc warriors
  2 phantoms (D:5)
  8 ogres
  An eye of draining (D:11)
  2 sky beasts
  4 centaurs
  3 crocodiles
  A big kobold (D:11)
  9 bullfrogs
  2 elf zombies (Ossuary)
  A hornet simulacrum (D:10)
  2 scorpions (D:5)
  11 killer bees (D:8)
  11 wights
  2 howler monkeys
  2 crimson imps
  2 bullfrog zombies (D:5)
  A human zombie (Ossuary)
  8 hounds
  4 jellies
  4 orc priests
  2 bullfrog skeletons
  2 centaur skeletons
  3 gnoll shamans
  2 iguanas
  Ijyb (D:3)
  6 orc wizards
  11 worker ants
  A big kobold zombie (Ossuary)
  3 hound zombies
  4 mummies (Ossuary)
  11 adders
  12 gnolls
  2 river rats (D:10)
  A howler monkey skeleton (D:5)
  5 shadow imps
  An ooze (D:4)
  3 adder skeletons
  3 worms
  4 leopard geckos
  36 orcs
  13 giant cockroaches
  A gnoll zombie (Ossuary)
  9 goblins
  8 hobgoblins
  3 jackals (D:7)
  6 quokkas
  A ball python (D:4)
  A ball python zombie (D:5)
  11 bats
  3 frilled lizards
  A goblin zombie (Ossuary)
  2 hobgoblin zombies (Ossuary)
  2 jackal skeletons
  8 kobolds
  A kobold zombie (Ossuary)
  A leopard gecko skeleton (D:6)
  8 rats
  A rat zombie (Ossuary)
  A plant (D:10)
328 creatures vanquished.

Vanquished Creatures (others)
  2 slaves (D:9)
  26 fungi (D:10)
  14 plants (D:10)
42 creatures vanquished.

Grand Total: 370 creatures vanquished

Notes
Turn   | Place    | Note
-------+----------+-------------------------------------------
     0 | D:1      | equalderp2856 the Felid Fighter began the quest for the Orb.
     0 | D:1      | Reached XP level 1. HP: 10/10 MP: 2/2
   572 | D:1      | Reached XP level 2. HP: 14/14 MP: 3/3
  1361 | D:2      | Reached XP level 3. HP: 12/17 MP: 4/4
  2181 | D:2      | Reached skill level 5 in Unarmed Combat
  2452 | D:2      | Reached skill level 1 in Stealth
  2527 | D:3      | Reached XP level 4. HP: 21/21 MP: 5/5
  2812 | D:3      | Noticed Ijyb
  2826 | D:3      | Killed Ijyb
  2949 | D:3      | Found an opulent altar of Gozag.
  3498 | D:4      | Reached skill level 5 in Dodging
  3498 | D:4      | Reached XP level 5. HP: 19/24 MP: 6/6
  3862 | D:4      | Reached skill level 6 in Unarmed Combat
  4050 | D:4      | Gained mutation: You are covered in thick fur. (AC +2) [Felid growth]
  4050 | D:4      | Reached XP level 6. HP: 8/28 MP: 7/7
  5198 | D:5      | Entered Level 5 of the Dungeon
  5341 | D:5      | Reached skill level 7 in Unarmed Combat
  5401 | D:5      | Noticed a sky beast
  5418 | D:5      | Killed a sky beast
  5418 | D:5      | Reached XP level 7. HP: 24/31 MP: 8/8
  6202 | D:5      | Reached skill level 5 in Stealth
  6217 | D:5      | Reached skill level 8 in Unarmed Combat
  6547 | D:5      | Reached XP level 8. HP: 34/34 MP: 9/9
  7062 | D:6      | Reached skill level 9 in Unarmed Combat
  7077 | D:6      | You fall through a shaft!
  7200 | D:6      | Found a sand-covered staircase.
  7206 | Ossuary  | Entered an ossuary
  8961 | D:5      | Reached skill level 10 in Unarmed Combat
  9221 | D:5      | Noticed Menkaure
  9231 | D:5      | Killed Menkaure
  9901 | D:7      | Reached XP level 9. HP: 39/39 MP: 10/10
 10071 | D:7      | Found a staircase to the Ecumenical Temple.
 10080 | Temple   | Entered the Ecumenical Temple
 10928 | D:8      | Noticed Maurice
 10958 | D:8      | Noticed Joseph
 11119 | D:8      | Reached skill level 11 in Unarmed Combat
 12480 | D:9      | Reached skill level 12 in Unarmed Combat
 12480 | D:9      | Reached XP level 10. HP: 17/42 MP: 11/11
 12954 | D:9      | Noticed Pikel
 12964 | D:9      | Killed Pikel
 13046 | D:9      | Noticed Erolcha
 13819 | D:8      | Killed Joseph
 16193 | D:8      | Reached skill level 13 in Unarmed Combat
 17019 | D:10     | Entered Level 10 of the Dungeon
 17274 | D:10     | Found a staircase to the Lair.
 17956 | D:10     | Reached skill level 10 in Stealth
 18581 | D:10     | Reached XP level 11. HP: 40/46 MP: 12/12
 18966 | D:10     | Noticed a hill giant
 19387 | D:8      | Learned a level 1 spell: Corona
 19390 | D:8      | Learned a level 2 spell: Slow
 19393 | D:8      | Learned a level 2 spell: Ensorcelled Hibernation
 19397 | D:8      | Learned a level 3 spell: Confuse
 19553 | D:10     | Reached skill level 1 in Hexes
 19602 | D:10     | Noticed a five-headed hydra
 20048 | D:10     | Noticed an unseen horror
 20072 | D:10     | Killed an unseen horror
 20072 | D:10     | Reached skill level 1 in Spellcasting
 20072 | D:10     | Reached skill level 1 in Ice Magic
 20072 | D:10     | Reached skill level 1 in Evocations
 20333 | D:10     | Killed a hill giant
 21072 | D:10     | Noticed a hill giant
 21101 | D:10     | Killed a hill giant
 21427 | D:10     | Killed from afar by an orc priest
 21428 | D:10     | Reached XP level 10. HP: 0/43 MP: 15/15
 21428 | D:10     | Noticed a centaur warrior
 21445 | D:10     | Killed a centaur warrior
 21990 | D:10     | Killed a five-headed hydra
 22265 | D:10     | Reached skill level 5 in Hexes
 22647 | D:11     | Noticed Urug
 22647 | D:11     | Noticed a purple ugly thing
 22735 | D:11     | Noticed a cyclops
 22929 | D:10     | Reached skill level 10 in Dodging
 23039 | D:11     | Reached XP level 11. HP: 46/46 MP: 14/18
 23209 | D:10     | Reached skill level 14 in Unarmed Combat
 23415 | D:11     | Found a staircase to the Orcish Mines.
 23884 | D:10     | Killed a purple ugly thing
 24155 | D:11     | Hit by a javelin thrown by Urug
 24156 | D:11     | Reached XP level 10. HP: -1/43 MP: 17/17
 24221 | Lair:1   | Entered Level 1 of the Lair of Beasts
 24236 | Lair:1   | Noticed an eight-headed hydra
 24251 | Lair:1   | Killed an eight-headed hydra
 25135 | Lair:1   | Noticed a spiny frog
 25175 | Lair:1   | Killed a spiny frog
 25184 | Lair:1   | Killed from afar by a rime drake

Skill      XL: |  1  2  3  4  5  6  7  8  9 10 11 |
---------------+----------------------------------+-----
Unarmed Combat | 5 6 7 8 10 12 13 14 | 14.4
Stealth        | 1 2 3 4 5 6 8 11 | 11.2
Dodging        | 5 6 7 8 10 | 10.3
Fighting       | 4 |  4.6
Hexes          | 5 6 |  6.5
Spellcasting   | 4 2 |  4.5
Ice Magic      | 2 1 |  2.6
Evocations     | 2 |  2.0

Action                   |  1- 3 |  4- 6 |  7- 9 | 10-12 || total
-------------------------+-------+-------+-------+-------++-------
Melee: Unarmed           |    97 |   157 |   436 |   558 ||  1248
       Bite              |     5 |    17 |    49 |    72 ||   143
       Punch             |     2 |     7 |    18 |    45 ||    72
 Cast: Confuse           |       |       |       |    24 ||    24
       Ensorcelled Hiber |       |       |       |    44 ||    44
       Corona            |       |       |       |    11 ||    11
  Use: Scroll            |       |     3 |     5 |     5 ||    13
       Potion            |       |       |       |    11 ||    11
 Stab: Sleeping          |     6 |     3 |    13 |    11 ||    33
       Distracted        |       |       |     2 |     4 ||     6
       Confused          |       |       |       |     6 ||     6
  Eat: Chunk             |     6 |     5 |    18 |    31 ||    60
       Pizza             |       |       |       |     1 ||     1
       Meat ration       |       |       |       |     1 ||     1
Armor: Skin              |     2 |     5 |    12 |    13 ||    32
Dodge: Dodged            |    83 |   121 |   256 |   412 ||   872
Block: Other             |       |       |    14 |    42 ||    56
       Reflection        |       |       |       |     5 ||     5
